 Dungeon Crawl Stone Soup version 0.28-a0-589-g333b8329f1 (webtiles) character file.

Game seed: 4492885098087094210

1824 pokedragonboy the Destroyer (level 8, -6/41 HPs)
             Began as a Deep Elf Conjurer on Oct 3, 2021.
             Was a Follower of Sif Muna.
             Blown up by Maurice (32 damage)
             ... with a mindburst bolt
             ... on level 10 of the Dungeon.
             The game lasted 00:19:53 (7623 turns).

pokedragonboy the Destroyer (Deep Elf Conjurer)     Turns: 7623, Time: 00:19:54

Health: -6/41      AC:  3    Str:  4    XL:     8   Next: 86%
Magic:  3/21       EV: 12    Int: 26    God:    Sif Muna [*.....]
Gold:   290        SH:  0    Dex: 13    Spells: 13/22 levels left

rFire   . . .      SeeInvis .   l - +3 whip (elec)
rCold   . . .      Faith    +   (no shield)
rNeg    . . .      Spirit   .   a - +0 robe
rPois   .          Reflect  .   (no helmet)
rElec   .          Harm     .   (no cloak)
rCorr   .          Rampage  .   (no gloves)
Will    .....                   j - +0 pair of boots
Stlth   ++........              q - amulet of faith
HPRegen 0.13/turn               (no ring)
MPRegen 0.17/turn               (no ring)

@: no status effects
A: no striking features
a: Renounce Religion, Channel Magic


You were on level 10 of the Dungeon.
You worshipped Sif Muna.
Sif Muna was aware of your devotion.
You visited 2 branches of the dungeon, and saw 10 of its levels.

You collected 290 gold pieces.

Inventory:

Hand Weapons
 l - a +3 whip of electrocution (weapon)
 o - a +1 dagger of draining
Armour
 a - a +0 robe (worn)
 j - a +0 pair of boots (worn)
Magical Staves
 v - a staff of air
Jewellery
 g - an amulet of reflection
 q - an amulet of faith (around neck)
Wands
 y - a wand of iceblast (6)
Scrolls
 b - 3 scrolls of summoning
 e - a scroll of brand weapon {unknown}
 f - a scroll of fog {unknown}
 h - a scroll of enchant weapon
 i - a scroll of vulnerability
 n - a scroll of teleportation
 r - a scroll of immolation
 s - 2 scrolls of amnesia
 u - a scroll of noise {unknown}
Potions
 c - a potion of haste {unknown}
 d - 2 potions of lignification
 k - a potion of mutation
 m - 2 potions of attraction
 p - 3 potions of degeneration
 w - a potion of might {unknown}
 x - a potion of berserk rage {unknown}
 z - a potion of magic {unknown}
 A - a potion of curing


   Skills:
 - Level 2.4 Dodging
 - Level 2.4 Stealth
 + Level 7.7 Spellcasting
 * Level 9.6 Conjurations
 + Level 4.4 Hexes
 - Level 3.0 Summonings
 + Level 4.5 Invocations


You had 13 spell levels left.
You knew the following spells:

 Your Spells              Type           Power      Damage    Failure   Level
a - Magic Dart            Conj           100%       1d8       1%          1
b - Searing Ray           Conj           100%       2d8       1%          2
c - Fulminant Prism       Conj/Hex       23%        3d13      3%          4
e - Call Imp              Summ           25%        N/A       2%          2

Your spell library contained the following spells:

 Spells                   Type           Power      Damage    Failure   Level
 Dazzling Flash           Conj/Hex       92%        N/A       1%          3
 Mephitic Cloud           Conj/Pois/Air  26%        N/A       4%          3
 Iskenderun's Mystic Bla  Conj/Tloc      35%        2d8       8%          4
 Alistair's Intoxication  Tmut/Pois      6%         N/A       85%         5
 Borgnjor's Vile Clutch   Necr/Erth      5%         N/A       85%         5
 Eringya's Noxious Bog    Tmut/Pois      5%         N/A       100%        6


Dungeon Overview and Level Annotations

Branches:
Dungeon (10/15)            Temple (1/1) D:4
   Lair: D:8-11         Orc: D:9-12

Altars:
Ashenzari
Cheibriados
Dithmenos
Elyvilon
Fedhas
Gozag
Hepliaklqana
Kikubaaqudgha
Makhleb
Nemelex Xobeh
Okawaru
Qazlal
Ru
Sif Muna
Uskayaw
Vehumet
Wu Jian
Xom
Yredelemnul
Zin
The Shining One

Annotations:
D:7 2 runed translucent doors
D:10 Maurice


Message History

Maurice is heavily wounded. (Press . to maintain the ray.) Maurice zaps a wand.
Your mind is blasted!
The searing ray hits Maurice!
Maurice is heavily wounded.
Maurice drinks a potion.
Maurice is healed!
The searing ray hits Maurice!
Maurice is severely wounded.
Maurice casts a spell.
Maurice looks slightly unstable.
The searing ray hits Maurice.
Maurice is severely wounded.
You finish channelling your searing ray.
Maurice zaps a wand.
Your mind is blasted!
Your crimson imp blinks!
Casting: Searing Ray (safe; 1% risk of failure)
Confirm with . or Enter, or press ? or * to list all spells.
Aiming: Searing Ray (safe; 1% risk of failure)
Press: ? - help, Shift-Dir - straight line, f/p - Maurice
Aim: Maurice, wielding a +0 dagger, wearing a +0 cloak of preservation and carrying a wand of mindburst (9) (severely wounded, ally target, 76% to hit)
The searing ray misses Maurice. (Press . to maintain the ray.) Maurice drinks a potion.
Maurice is healed!
The searing ray hits Maurice.
Maurice is severely wounded.
Maurice disappears!
You start resting.
Maurice is nearby!
Casting: Searing Ray (safe; 1% risk of failure)
Confirm with . or Enter, or press ? or * to list all spells.
Aiming: Magic Dart (safe; 1% risk of failure)
Press: ? - help, Shift-Dir - straight line, f/p - Maurice
Aim: Maurice, wielding a +0 dagger, wearing a +0 cloak of preservation and carrying a wand of mindburst (9) (severely wounded, 100% to hit)
The magic dart hits Maurice.
Maurice is severely wounded.
You are too injured to fight recklessly!
Unknown command.
You feel better.
Maurice zaps a wand.
Your mind is blasted!
Ouch! That really hurt!
You die...

##### ###### #.(.#
#..(.# #...# #.##(#
#...# #....#
###...########..###
#....@.††..@5...#
#.'########+....########
.... #...........> ####.
#.#.......##.#### #h
#.#..#............o ..
#.#......<#.##.###D hh
#.#..###....# . ..
#.#.......)## .
###+.#......#.# #


You could see Maurice (ally target) and a friendly crimson imp (summoned).

Vanquished Creatures
  A steam dragon (D:6)
  Menkaure (D:5)
  A water moccasin (D:5)
  2 sky beasts (D:6)
  An ogre (D:6)
  A necrophage (D:5)
  A centaur (D:6)
  A kobold brigand (D:3)
  A bullfrog (D:7)
  A wyvern zombie (D:7)
  A scorpion (D:7)
  A water moccasin zombie (D:5)
  A water moccasin skeleton (D:5)
  3 howler monkeys
  2 hounds
  2 jellies
  2 bullfrog skeletons
  3 iguanas
  An orc wizard (D:5)
  A hound skeleton (D:4)
  A howler monkey skeleton (D:5)
  4 adders
  4 gnolls (D:3)
  2 white imps (D:6)
  An adder skeleton (D:4)
  3 dart slugs
  8 orcs
  9 bats
  6 endoplasms
  4 goblins
  9 hobgoblins
  12 jackals
  2 quokkas (D:1)
  3 ball pythons
  7 kobolds
  4 rats
107 creatures vanquished.

Vanquished Creatures (collateral kills)
  An ogre (D:4)
  An orc (D:5)
2 creatures vanquished.

Vanquished Creatures (others)
  4 fulminant prisms
  3 plants (D:4)
7 creatures vanquished.

Grand Total: 116 creatures vanquished

Notes
Turn   | Place    | Note
-------+----------+-------------------------------------------
     0 | D:1      | pokedragonboy the Deep Elf Conjurer began the quest for the
                  | Orb.
     0 | D:1      | Reached XP level 1. HP: 10/10 MP: 6/6
   263 | D:1      | Reached XP level 2. HP: 15/15 MP: 5/8
   447 | D:1      | Learned a level 2 spell: Searing Ray
   518 | D:1      | Reached skill level 5 in Conjurations
   989 | D:2      | Reached XP level 3. HP: 19/19 MP: 6/10
  1885 | D:3      | Learned a level 2 spell: Call Imp
  1944 | D:3      | Reached XP level 4. HP: 13/24 MP: 1/12
  2045 | D:3      | Reached skill level 6 in Conjurations
  2144 | D:3      | Noticed a kobold brigand
  2152 | D:3      | Killed a kobold brigand
  2153 | D:3      | Reached XP level 5. HP: 27/28 MP: 4/14
  2274 | D:3      | Found a faded altar of an unknown god.
  2418 | D:3      | Reached skill level 5 in Spellcasting
  2876 | D:4      | Learned a level 4 spell: Fulminant Prism
  2912 | D:4      | Noticed an ogre
  3241 | D:4      | Found a staircase to the Ecumenical Temple.
  3256 | Temple   | Entered the Ecumenical Temple
  3303 | Temple   | Became a worshipper of Sif Muna the Loreminder
  3630 | D:4      | Reached skill level 7 in Conjurations
  3630 | D:4      | Reached XP level 6. HP: 32/32 MP: 9/15
  3694 | D:4      | Reached skill level 1 in Summonings
  3694 | D:4      | Reached skill level 1 in Invocations
  3913 | D:5      | Entered Level 5 of the Dungeon
  4298 | D:5      | Reached XP level 7. HP: 36/36 MP: 11/17
  4630 | D:5      | Reached skill level 8 in Conjurations
  4669 | D:5      | Reached * piety under Sif Muna
  4670 | D:5      | Reached skill level 1 in Hexes
  4814 | D:5      | Noticed Menkaure
  5056 | D:5      | Killed Menkaure
  5619 | D:6      | Reached XP level 8. HP: 33/41 MP: 12/20
  6298 | D:6      | Reached skill level 9 in Conjurations
  6943 | D:6      | HP: 2/41 [poisoned by a scorpion]
  7468 | D:7      | Found a runed translucent gate.
  7468 | D:7      | Found a runed translucent gate.
  7487 | D:7      | You fall into a shaft and drop 3 floors!
  7487 | D:10     | Entered Level 10 of the Dungeon
  7605 | D:10     | Noticed Maurice
  7623 | D:10     | Blown up by Maurice

Illustrated notes

Levels and vault maps discovered:
D:1:      saegor_arrival_simple_a, layout_loops_cross,
          hangedman_decor_peaks_small, corner_web_ring
D:2:      layout_basic, nrook_mini_vaults
D:3:      layout_basic, ebering_ecumenical_altar_webs
D:4:      cheibrodos_old_hovel, layout_rooms, minmay_temple_entry_mini_moons
D:5:      layout_basic, roderic_lattice_a, uniq_menkaure
D:6:      layout_basic
D:7:      minmay_spotlight, layout_loops_ring, lemuel_coloured_pillars_altar,
          gammafunk_ghost_necromancy, minmay_misc_feat_square
D:9:      layout_rooms, david_orc_4, special_room [special_room_orc]
D:10:     layout_basic, gammafunk_ghost_mausoleum, minivault_11,
          minmay_fractal_squares_diagonal_5, uniq_maurice
Temple:   compressed_dpeg_circular_temple

Skill      XL: |  1  2  3  4  5  6  7  8 |
---------------+-------------------------+-----
Conjurations   | 5 6 7 8 9 |  9.6
Spellcasting   | 4 5 6 7 |  7.7
Summonings     | 1 3 |  3.0
Invocations    | 2 3 4 |  4.5
Hexes          | 2 4 |  4.4
Dodging        | |  2.4
Stealth        | |  2.4

Action                   |  1- 3 |  4- 6 |  7- 9 || total
-------------------------+-------+-------+-------++-------
Melee: Dagger            |     3 |       |       ||     3
       Whip              |     1 |     1 |     1 ||     3
 Cast: Magic Dart        |    60 |    59 |    43 ||   162
       Searing Ray       |     8 |    19 |    25 ||    52
       Call Imp          |       |     5 |     6 ||    11
       Fulminant Prism   |       |       |     4 ||     4
  Use: Scroll            |       |     5 |     9 ||    14
       Potion            |       |       |     1 ||     1
Armor: Robe              |     2 |     7 |     2 ||    11
Dodge: Dodged            |    13 |    11 |    15 ||    39
Block: Other             |     6 |     2 |       ||     8
       Reflection        |       |     1 |       ||     1

Table legend: (Time is in decaauts)
 A = Elapsed time spent in this place.
 B = Non-inter-level travel time spent in this place.
 C = Inter-level travel time spent in this place.
 D = Time resting spent in this place.
 E = Time spent auto-exploring this place.
 F = Levels seen in this place.
 G = Mean time per level.
                   A        B        C        D        E       F      G
               +--------+--------+--------+--------+--------+-----+--------+
         Total |   7623 |   7323 |    300 |   2791 |   3628 |  10 |  762.3 |
       Dungeon |   7379 |   7117 |    262 |   2691 |   3562 |   9 |  819.9 |
        Temple |    243 |    205 |     38 |    100 |     66 |   1 |  243.0 |
               +--------+--------+--------+--------+--------+-----+--------+

Top non-repeatable levels by time:
     D:6: 1853 daAuts
     D:5: 1434 daAuts
     D:3: 1139 daAuts
     D:2: 999 daAuts
     D:1: 850 daAuts
     D:4: 680 daAuts
     D:7: 286 daAuts
  Temple: 243 daAuts
    D:10: 134 daAuts
     D:9: 1 daAuts
